 Dungeon Crawl Stone Soup version 0.22.1-6-g1668fe2c40 (webtiles) character file.

96644 lex98 the Warrior (level 15, -8/147 HPs)
             Began as a Minotaur Berserker on Jan 16, 2019.
             Was the Champion of Trog.
             Mangled by Rupert
             ... wielding a +4 battleaxe of electrocution
              (18 damage)
             ... on level 14 of the Dungeon on Jan 17, 2019.
             The game lasted 03:15:48 (28063 turns).

lex98 the Warrior (Minotaur Berserker)             Turns: 28063, Time: 03:15:48

Health: -8/147     AC: 27    Str: 24    XL:     15   Next: 69%
Magic:  0/14       EV: 10    Int:  4    God:    Trog [******]
Gold:   2648       SH: 20    Dex: 24    Spells: 14/14 levels left

rFire    . . .     SeeInvis .   N - +9 rapier "Pucveont" {speed, rPois rF- rN+ Dex+3}
rCold    . . .     Gourm    .   a - +0 large shield
rNeg     + . .     Faith    .   m - +2 crystal plate armour
rPois    +         Spirit   +   (helmet restricted)
rElec    .         Reflect  .   i - scarf {repulsion}
rCorr    .         Harm     .   P - +0 pair of gloves
MR       ++++.                  U - +0 pair of boots
Stlth    ..........             Z - amulet of Liberty {Spirit rC+ MR+ Dex+3}
HPRegen  1.34/turn              o - ring of fire
MPRegen  0.14/turn              T - +4 ring of dexterity

@: regenerating, repel missiles
A: retaliatory headbutt, horns 2
a: Berserk, Trog's Hand, Brothers in Arms, Renounce Religion


You were on level 14 of the Dungeon.
You worshipped Trog.
Trog was exalted by your worship.
You were very hungry.

You visited 4 branches of the dungeon, and saw 24 of its levels.
You also visited: Sewer and Ossuary.

You collected 2648 gold pieces.

Inventory:

Hand Weapons
 G - the +2 rapier "Miucaps" {flame, *Contam Str+7}
   (Trog gifted it to you on level 5 of the Lair of Beasts)

   It has been specially enchanted to burn those struck by it, causing extra
   injury to most foes and up to half again as much damage against particularly
   susceptible opponents.
   It affects your strength (+7).
   It causes magical contamination when unequipped.
 N - the +9 rapier "Pucveont" (weapon) {speed, rPois rF- rN+ Dex+3}
   (You took it off an orc on level 11 of the Dungeon)

   Attacks with this weapon are significantly faster.
   It affects your dexterity (+3).
   It makes you vulnerable to fire.
   It protects you from poison.
   It protects you from negative energy.
 W - the +6 scimitar "Dragonslayer" {venom, Dex+6}
   (You found it on level 1 of the Lair of Beasts)

   It poisons the flesh of those it strikes.
   It affects your dexterity (+6).
Armour
 a - a +0 large shield (worn)
 i - a scarf of repulsion (worn)
 m - a +2 crystal plate armour (worn)
 P - a +0 pair of gloves (worn)
 U - a +0 pair of boots (worn)
Jewellery
 o - a ring of fire (left hand)
 A - an uncursed ring of resist corrosion
 B - an uncursed ring of flight {unknown}
 D - a +3 amulet of reflection
 K - a +3 ring of strength
 L - an uncursed ring of protection from magic
 T - a +4 ring of dexterity (right hand)
 Z - the amulet of Liberty (around neck) {Spirit rC+ MR+ Dex+3}
   (You found it on level 10 of the Dungeon)

   [amulet of guardian spirit]

   It causes incoming damage to be split between your health and magic.
   It affects your dexterity (+3).
   It protects you from cold.
   It affects your resistance to hostile enchantments.
Wands
 E - a wand of polymorph (13)
 H - a wand of iceblast (35)
 I - a wand of flame (153)
 M - a wand of acid (16)
 O - a wand of scattershot (14)
 Q - a wand of digging (29)
 X - a wand of paralysis (24)
Scrolls
 d - a scroll of enchant armour
 f - 12 scrolls of teleportation
 l - 4 scrolls of immolation
 q - 4 scrolls of blinking
 s - 9 scrolls of remove curse
 t - 2 scrolls of enchant weapon
 w - 7 scrolls of fear
 y - 7 scrolls of magic mapping
 z - 2 scrolls of vulnerability {unknown}
 C - 2 scrolls of fog
 F - a scroll of acquirement {unknown}
 V - a scroll of holy word
Potions
 g - 2 potions of mutation
 h - 10 potions of might
 j - 7 potions of haste
 k - a potion of berserk rage {unknown}
 n - 4 potions of cancellation
 p - 2 potions of heal wounds
 r - 2 potions of ambrosia
 u - 11 potions of curing
 v - 2 potions of flight
 x - 6 potions of agility
 J - a potion of invisibility
 S - 8 potions of lignification
Miscellaneous
 b - a box of beasts
 e - a lightning rod (4/4)
Comestibles
 c - 44 rations


   Skills:
 * Level 17.5 Fighting
 * Level 12.6 Short Blades
   Level 12.9 Polearms
 + Level 12.9 Armour
 + Level 12.0 Dodging
 + Level 12.3 Shields


You had 14 spell levels left.
You didn't know any spells.
Your spell library contained the following spells:

 Spells                   Type           Power        Failure   Level  Hunger
 Animate Skeleton         Necr           N/A          100%        1    ##.....
 Apportation              Tloc           #.....       100%        1    ##.....
 Confusing Touch          Hex            #.....       100%        1    ##.....
 Freeze                   Ice            #...         100%        1    ##.....
 Magic Dart               Conj           #...         100%        1    ##.....
 Sting                    Conj/Pois      #...         100%        1    ##.....
 Summon Butterflies       Summ           #.......     100%        1    ##.....
 Summon Small Mammal      Summ           #...         100%        1    ##.....
 Blink                    Tloc           N/A          100%        2    ###....
 Call Imp                 Summ           #.......     100%        2    ###....
 Corpse Rot               Necr           N/A          100%        2    ###....
 Poisonous Vapours        Pois/Air       #.....       100%        2    ###....
 Searing Ray              Conj           #.....       100%        2    ###....
 Slow                     Hex            #.......     100%        2    ###....
 Throw Frost              Conj/Ice       #.....       100%        2    ###....
 Call Canine Familiar     Summ           #.......     100%        3    ####...
 Conjure Flame            Conj/Fire      #.......     100%        3    ####...
 Dazzling Spray           Conj/Hex       #.....       100%        3    ####...
 Mephitic Cloud           Conj/Pois/Air  #.......     100%        3    ####...
 Ozocubu's Armour         Chrm/Ice       #.......     100%        3    ####...
 Stone Arrow              Conj/Erth      #.....       100%        3    ####...
 Summon Guardian Golem    Hex/Summ       #.......     100%        3    ####...
 Force Lance              Conj/Tloc      #.......     100%        4    #####..
 Fulminant Prism          Conj/Hex       #.........   100%        4    #####..
 Iskenderun's Mystic Bla  Conj           #.......     100%        4    #####..
 Leda's Liquefaction      Hex/Erth       #.........   100%        4    #####..
 Olgreb's Toxic Radiance  Pois           #.......     100%        4    #####..
 Summon Ice Beast         Ice/Summ       #.......     100%        4    #####..
 Summon Lightning Spire   Summ/Air       #.......     100%        4    #####..
 Throw Icicle             Conj/Ice       #.......     100%        4    #####..
 Bolt of Magma            Conj/Fire/Erth #.........   100%        5    ######.
 Summon Forest            Summ/Tloc      #.........   100%        5    ######.
 Summon Mana Viper        Hex/Summ       #.......     100%        5    ######.
 Venom Bolt               Conj/Pois      #.........   100%        5    ######.
 Hydra Form               Tmut           #.........   100%        6    #######
 Iron Shot                Conj/Erth      #.........   100%        6    #######
 Statue Form              Tmut/Erth      #........    100%        6    #######
 Summon Hydra             Summ           #.........   100%        7    #######
 Shatter                  Erth           #.........   100%        9    #######


Dungeon Overview and Level Annotations

Branches:
Dungeon (15/15)            Temple (1/1) D:7            Lair (6/6) D:9
 Shoals (0/4) Lair:2        Snake (0/4) Lair:3        Slime (0/5) Lair:5
    Orc (2/2) D:10            Elf (0/3) Orc:2        Vaults (0/5) D:13
 Depths (0/5) D:15

Altars:
Ashenzari
Cheibriados
Dithmenos
Elyvilon
Fedhas
Gozag
Hepliaklqana
Kikubaaqudgha
Makhleb
Nemelex Xobeh
Okawaru
Qazlal
Ru
Sif Muna
Trog
Uskayaw
Vehumet
Wu Jian
Xom
Yredelemnul
Zin
The Shining One
Beogh

Shops:
D:10 *   D:12 *   Orc:2 *:([

Annotations:
D:14 Rupert


Innate Abilities, Weirdness & Mutations

You reflexively headbutt those who attack you in melee.
You have a pair of horns on your head.


Message History

You puncture Rupert! You headbutt Rupert!
Rupert is severely wounded.
You hit Rupert. Your headbutt misses Rupert.
Rupert is severely wounded.
Rupert hits you with a battleaxe of electrocution!!
* * * LOW HITPOINT WARNING * * *
You are electrocuted!
* * * LOW HITPOINT WARNING * * *
You feel much better.
Rupert hits you with a battleaxe of electrocution!!
* * * LOW HITPOINT WARNING * * *
Your cyclops goes berserk!
You are feeling very hungry.
You block Rupert's attack.
Rupert hits your cyclops with a battleaxe of electrocution!!
Rupert is no longer berserk.
Rupert hits you with a battleaxe of electrocution!
* * * LOW HITPOINT WARNING * * *
You are electrocuted!
You die...

....#.# #.#....#.# ###.#.#
#.#.##.#.##### #.#+###
#.#.##.#.#...# #.....#
#.#.##.#.#..##
###.....############.#.##.#.#..#
..#.....##.........#.#.##.#.#..#
#.#.....##.#######.#.#.#..#.#..#
..#.....##.#######.#.#.#.##.#..#
................@@.C....(.#.#..#
....#.####.#######.#...#.##.#..#
.......# #.#..............#.#..#
######## #.#.#####.#......#.#..#
# #.#.....#.#...⌠..#.#..## #
#.#.....#.#............#
##########.#.....#..........#.###
..........)#.....######.(..##.#
.###########.....## #######.#


You could see Rupert and a friendly cyclops (berserk).

Vanquished Creatures
  Gastronok (Lair:2)
  Frances (D:12)
  An orc warlord (Orc:1)
  The ghost of Dickchan the Phalangite, a journeyman MfFi of Dithmenos (Lair:6)
  2 dire elephants (Lair:6)
  Snorg (D:10)
  A fire dragon (Lair:6)
  An ettin (D:15)
  8 vault guards (D:13)
  8 hydras
  Erica (Orc:1)
  An anaconda (Lair:6)
  The ghost of Pytinka the Cleaver, a novice MiFi of Okawaru (D:10)
  Fannar (Lair:1)
  A dancing weapon (D:10)
  2 two-headed ogres
  A death knight (D:15)
  2 ogre magi
  Urug (Lair:5)
  2 orc high priests (Orc:1)
  6 death yaks
  Nergalle (Lair:1)
  A deep troll (D:15)
  2 unseen horrors
  2 orc knights (Orc:2)
  Pikel (D:7)
  A deep elf mage (D:13)
  2 orc sorcerers (Orc:2)
  5 cyclopes
  12 ugly things
  2 manticores
  2 centaur zombies (D:10)
  2 black mambas
  9 elephants
  2 torpor snails (Lair:6)
  10 spiny frogs
  10 rime drakes
  A gargoyle (D:6)
  An efreet (D:15)
  6 komodo dragons
  A queen bee (D:12)
  A troll (Orc:1)
  3 meliai (D:12)
  A polar bear (Lair:5)
  A harpy skeleton (D:15)
  20 blink frogs
  13 hippogriffs
  3 dream sheep (Lair:6)
  A vampire (D:14)
  3 shadows
  5 wyverns
  36 yaks
  4 hogs
  Grum (D:11)
  4 hungry ghosts
  4 basilisks
  7 steam dragons (Lair:6)
  Menkaure (D:7)
  A naga (Lair:3)
  A warg (Orc:2)
  3 vampire mosquitoes (D:15)
  16 water moccasins
  Duvessa (D:7)
  6 porcupines
  4 ice beasts
  26 orc warriors
  6 black bears
  10 ogres
  3 sky beasts
  2 slaves (D:7)
  4 phantoms
  13 wolves
  11 centaurs
  16 crocodiles
  18 bullfrogs
  4 big kobolds
  Blork the orc (D:5)
  A water moccasin zombie (Ossuary)
  3 wyvern skeletons
  A wyvern zombie (D:8)
  3 scorpions
  Dowan (D:7)
  39 killer bees
  A troll zombie (D:10)
  8 howler monkeys
  An electric eel (Lair:5)
  10 crimson imps
  2 bullfrog zombies (Ossuary)
  4 centaur skeletons
  4 hounds
  5 jellies
  A gnoll shaman (D:8)
  11 orc priests
  32 orc wizards
  2 bullfrog skeletons
  Ijyb (D:5)
  An iguana (D:11)
  8 hell rats
  10 worker ants
  5 ogre zombies (D:10)
  A hound zombie (Ossuary)
  2 hound skeletons
  22 mummies (Ossuary)
  6 worker ant zombies (Ossuary)
  5 gnolls (D:8)
  16 adders
  18 river rats
  6 shadow imps
  3 adder zombies
  2 oozes
  3 adder skeletons
  3 worms
  3 dart slugs
  3 leopard geckos
  86 orcs
  15 bats
  8 giant cockroaches
  10 goblins
  7 hobgoblins
  15 jackals
  9 quokkas
  9 ball pythons
  8 frilled lizards
  A goblin skeleton (D:10)
  2 goblin zombies (D:10)
  A hobgoblin skeleton (D:10)
  A hobgoblin zombie (D:10)
  2 jackal zombies (D:5)
  25 kobolds
  2 leopard gecko skeletons
  2 leopard gecko zombies (Ossuary)
  3 orc skeletons (D:10)
  11 orc zombies (D:10)
  4 quokka zombies
  21 rats
  2 butterflies (Lair:6)
  3 plants (Lair:6)
865 creatures vanquished.

Vanquished Creatures (collateral kills)
  Kirke (D:11)
  2 dire elephants (Lair:6)
  2 death yaks (D:9)
  An orc knight (Orc:2)
  An orc sorcerer (Orc:2)
  Prince Ribbit (D:5)
  A yak (D:9)
  A water moccasin (D:9)
  5 orc warriors (Orc:2)
  A black bear (D:9)
  A crimson imp (D:11)
  An orc priest (Orc:2)
  3 orc wizards
  4 orcs
25 creatures vanquished.

Vanquished Creatures (others)
  A human (D:12)
  A slave (D:7)
  An orc warrior (Orc:2)
  A jelly (D:12)
  A goblin (D:7)
  A quokka (D:12)
  5 fungi
  6 plants
17 creatures vanquished.

Grand Total: 907 creatures vanquished

Notes
Turn   | Place    | Note
-------+----------+-------------------------------------------
     0 | D:1      | lex98 the Minotaur Berserker began the quest for the Orb.
     0 | D:1      | Reached XP level 1. HP: 19/19 MP: 0/0
   130 | D:1      | Reached XP level 2. HP: 27/27 MP: 1/1
   258 | D:1      | Reached skill level 4 in Fighting
   787 | D:2      | Reached XP level 3. HP: 26/33 MP: 2/2
  1364 | D:2      | Reached ** piety under Trog
  1487 | D:2      | Reached XP level 4. HP: 41/41 MP: 3/3
  1675 | D:3      | Found a glowing drain.
  1695 | Sewer    | Entered a sewer
  1821 | Sewer    | Reached *** piety under Trog
  1925 | Sewer    | Noticed a big kobold
  1931 | Sewer    | Killed a big kobold
  1931 | Sewer    | Reached skill level 5 in Fighting
  1931 | Sewer    | Reached skill level 5 in Polearms
  1931 | Sewer    | Reached XP level 5. HP: 48/48 MP: 4/4
  2106 | Sewer    | Reached XP level 6. HP: 43/56 MP: 5/5
  2421 | D:3      | Found a white marble altar of Elyvilon.
  2517 | D:3      | Reached **** piety under Trog
  2930 | D:4      | Reached skill level 6 in Fighting
  2969 | D:4      | Found a sacrificial altar of Ru.
  2976 | D:4      | Found a basalt altar of Yredelemnul.
  3194 | D:4      | Reached skill level 1 in Shields
  3476 | D:5      | Entered Level 5 of the Dungeon
  3503 | D:5      | Reached XP level 7. HP: 56/63 MP: 6/6
  3711 | D:5      | Noticed Prince Ribbit
  3755 | D:5      | Killed Prince Ribbit
  4116 | D:5      | Found a hazy altar of Hepliaklqana.
  4267 | D:5      | Noticed Ijyb
  4268 | D:5      | Noticed Blork the orc
  4277 | D:5      | Killed Ijyb
  4287 | D:5      | Killed Blork the orc
  4287 | D:5      | Reached skill level 7 in Fighting
  4494 | D:6      | Reached XP level 8. HP: 73/73 MP: 7/7
  4619 | D:6      | Found a transporter.
  4619 | D:6      | Found a hide-covered altar of Uskayaw.
  4620 | D:6      | Noticed an ogre mage
  4644 | D:6      | Reached skill level 5 in Armour
  4661 | D:6      | Noticed a gargoyle
  4826 | D:6      | Reached ***** piety under Trog
  4831 | D:6      | Found a transporter.
  5039 | D:6      | Reached skill level 8 in Fighting
  5417 | D:6      | Reached skill level 5 in Dodging
  6035 | D:7      | Reached XP level 9. HP: 75/82 MP: 8/8
  6186 | D:7      | Noticed Dowan
  6188 | D:7      | Noticed Duvessa
  6193 | D:7      | Killed Dowan
  6208 | D:7      | Killed Duvessa
  6307 | D:7      | Noticed Pikel
  6328 | D:7      | Killed Pikel
  6328 | D:7      | Reached skill level 9 in Fighting
  6493 | D:7      | Noticed Menkaure
  6512 | D:7      | Killed Menkaure
  6512 | D:7      | Received a gift from Trog
  6679 | D:7      | Found a staircase to the Ecumenical Temple.
  6695 | D:7      | Found a shadowy altar of Dithmenos.
  7097 | Temple   | Entered the Ecumenical Temple
  7348 | D:8      | Found a shattered altar of Ashenzari.
  7382 | D:8      | Reached skill level 5 in Shields
  7549 | D:8      | Found a sand-covered staircase.
  7561 | Ossuary  | Entered an ossuary
  7751 | Ossuary  | Reached skill level 10 in Polearms
  7779 | Ossuary  | Reached skill level 10 in Fighting
  8055 | D:8      | Reached XP level 10. HP: 85/93 MP: 9/9
  8713 | D:9      | Noticed a death yak
  8726 | D:9      | Noticed a death yak
  8740 | D:9      | Killed a death yak
  8740 | D:9      | Received a gift from Trog
  8743 | D:9      | Noticed a death yak
  8750 | D:9      | Killed a death yak
  8750 | D:9      | Reached skill level 11 in Fighting
  8752 | D:9      | Killed a death yak
  9258 | D:9      | Found a staircase to the Lair.
  9553 | D:9      | Found a snail-covered altar of Cheibriados.
  9866 | D:9      | Reached XP level 11. HP: 102/102 MP: 10/10
  9963 | D:9      | Noticed a two-headed ogre
  9977 | D:9      | Killed a two-headed ogre
 10224 | D:10     | Entered Level 10 of the Dungeon
 10260 | D:10     | Found a runed door.
 10261 | D:10     | Found a shimmering altar of Xom.
 10261 | D:10     | Noticed Pytinka's ghost (novice MiFi)
 10261 | D:10     | Noticed a mace of chaos
 10690 | D:10     | Reached skill level 12 in Fighting
 10755 | D:10     | Reached ****** piety under Trog
 10755 | D:10     | Received a gift from Trog
 10876 | D:10     | Found Riosurec's Elemental Accessories.
 10877 | D:10     | Got a slimy bardiche
 10961 | D:10     | Identified the +3 bardiche "Dest" {chop, rC+ MR- Int+5}
                  | (You found it on level 10 of the Dungeon)
 11008 | D:10     | Got a twitching lead amulet
 11019 | D:10     | Identified the amulet of Liberty {Spirit rC+ MR+ Dex+3}
                  | (You found it on level 10 of the Dungeon)
 11100 | D:10     | Found a staircase to the Orcish Mines.
 11275 | D:10     | Noticed Snorg
 11288 | D:10     | Killed Snorg
 11601 | D:11     | Noticed a cyan ugly thing
 11607 | D:11     | Killed a cyan ugly thing
 11666 | D:11     | Noticed Grum
 11979 | D:11     | Noticed a two-headed ogre
 11986 | D:11     | Noticed a two-headed ogre
 11997 | D:11     | Killed a two-headed ogre
 12013 | D:11     | Reached XP level 12. HP: 71/113 MP: 7/11
 12037 | D:11     | Got a faintly glowing rapier {speed}
 12216 | D:11     | Identified the +9 rapier "Pucveont" {speed, rPois rF- rN+
                  | Dex+3} (You took it off an orc on level 11 of the Dungeon)
 12328 | D:11     | Killed Grum
 12328 | D:11     | Reached skill level 1 in Short Blades
 12558 | D:11     | Received a gift from Trog
 13045 | Lair:1   | Entered Level 1 of the Lair of Beasts
 13070 | Lair:1   | Reached skill level 13 in Fighting
 13417 | Lair:1   | Got a crude scimitar
 13418 | Lair:1   | Identified the +6 scimitar "Dragonslayer" {venom, Dex+6}
                  | (You found it on level 1 of the Lair of Beasts)
 13546 | Lair:1   | Noticed Fannar
 13569 | Lair:1   | Killed Fannar
 13569 | Lair:1   | Reached skill level 5 in Short Blades
 13799 | Lair:1   | Noticed Nergalle
 13834 | Lair:1   | Killed Nergalle
 14273 | Lair:1   | Received a gift from Trog
 14506 | Lair:2   | Noticed Gastronok
 14529 | Lair:2   | Killed Gastronok
 14529 | Lair:2   | Reached skill level 10 in Armour
 14851 | Lair:2   | Reached skill level 14 in Fighting
 14878 | Lair:2   | Found a staircase to the Shoals.
 14977 | Lair:2   | Noticed a seven-headed hydra
 14995 | Lair:2   | Killed a seven-headed hydra
 14995 | Lair:2   | Reached XP level 13. HP: 79/124 MP: 6/12
 15729 | Lair:3   | Found a staircase to the Snake Pit.
 16695 | Lair:4   | Reached skill level 10 in Shields
 17470 | Lair:5   | Reached skill level 10 in Dodging
 17513 | Lair:5   | Found a staircase to the Slime Pits.
 17650 | Lair:5   | Noticed Urug
 17673 | Lair:5   | Killed Urug
 17673 | Lair:5   | Received a gift from Trog
 17674 | Lair:5   | Got a slimy rapier {god gift}
 17675 | Lair:5   | Identified the +2 rapier "Miucaps" {flame, *Contam Str+7}
                  | (Trog gifted it to you on level 5 of the Lair of Beasts)
 18025 | Lair:5   | Reached skill level 15 in Fighting
 19132 | Lair:5   | Upgraded the game from 0.22.1-5-g62c59d919a to
                  | 0.22.1-6-g1668fe2c40
 19148 | Lair:6   | Entered Level 6 of the Lair of Beasts
 19435 | Lair:6   | Reached XP level 14. HP: 97/135 MP: 9/13
 19568 | Lair:6   | Found a runed door.
 19572 | Lair:6   | Noticed Dickchan's ghost (journeyman MfFi)
 19595 | Lair:6   | Killed Dickchan's ghost
 19610 | Lair:6   | Got a twisted chain mail
 19611 | Lair:6   | Identified the +1 chain mail "Qorch" {rCorr} (You found it
                  | on level 6 of the Lair of Beasts)
 20126 | Lair:6   | Reached skill level 10 in Short Blades
 20413 | Lair:6   | Received a gift from Trog
 21409 | Lair:6   | Reached skill level 16 in Fighting
 21634 | Lair:6   | HP: 5/137 [dire elephant (13)]
 21634 | Lair:6   | HP: 1/137 [dire elephant (4)]
 22300 | Orc:1    | Entered Level 1 of the Orcish Mines
 22456 | Orc:1    | Noticed Erica
 22464 | Orc:1    | You fall through a shaft!
 22464 | Orc:2    | Entered Level 2 of the Orcish Mines
 22464 | Orc:2    | Found a roughly hewn altar of Beogh.
 22464 | Orc:2    | Noticed an orc warlord
 22523 | Orc:2    | Found a staircase to the Elven Halls.
 22972 | Orc:1    | Killed an orc warlord
 23170 | Orc:2    | Received a gift from Trog
 23650 | Orc:1    | Killed Erica
 23650 | Orc:1    | Received a gift from Trog
 23777 | Orc:2    | Found Jeoppo's General Store.
 23828 | Orc:2    | Found Koacviege's Book Boutique.
 23959 | Orc:2    | Found Sifovoix's Antique Weapon Boutique.
 23961 | Orc:2    | Found Lucaciq's Antique Armour Boutique.
 24836 | D:10     | Reached XP level 15. HP: 145/145 MP: 14/14
 24852 | D:10     | Killed Pytinka's ghost
 24914 | D:12     | Noticed Kirke
 24952 | D:11     | Killed Kirke
 25800 | D:12     | Found Rutwow's Assorted Antiques.
 25966 | D:12     | Noticed Frances
 25993 | D:12     | Killed Frances
 26282 | D:13     | Found a gate to the Vaults.
 26301 | D:13     | Reached skill level 17 in Fighting
 27498 | D:14     | Found a blossoming altar of Fedhas.
 27934 | D:15     | Entered Level 15 of the Dungeon
 27988 | D:15     | Found a staircase to the Depths.
 28027 | D:15     | Noticed Rupert
 28060 | D:14     | HP: 4/147 [Rupert/battleaxe of electrocution (8)]
 28063 | D:14     | Mangled by Rupert

Skill      XL: |  1  2  3  4  5  6  7  8  9 10 11 12 13 14 15 |
---------------+----------------------------------------------+-----
Fighting       | 4 5 6 7 8 10 11 12 14 15 16 17 | 17.5
Polearms       | 4 5 6 7 8 10 11 12 | 12.9
Armour         | 3 4 5 6 8 9 10 11 12 | 12.9
Dodging        | 3 4 5 6 7 8 9 10 11 12 | 12.0
Shields        | 1 2 4 5 6 8 9 10 11 12 | 12.3
Short Blades   | 6 9 11 12 | 12.6

Action                   |  1- 3 |  4- 6 |  7- 9 | 10-12 | 13-15 || total
-------------------------+-------+-------+-------+-------+-------++-------
Melee: Spear             |    85 |   282 |   284 |   101 |       ||   752
       Headbutt          |    11 |    30 |   110 |   255 |   546 ||   952
       Trident           |       |       |   284 |   392 |       ||   676
       Bardiche          |       |       |       |   124 |       ||   124
       Rapier            |       |       |       |   275 |  1315 ||  1590
       Short sword       |       |       |       |       |    98 ||    98
       Unarmed           |       |       |       |       |    16 ||    16
Invok: Berserk           |       |     5 |     3 |     5 |    12 ||    25
       Brothers in Arms  |       |       |     1 |     1 |     4 ||     6
       Trog's Hand       |       |       |       |     1 |     2 ||     3
  Use: Scroll            |     2 |     3 |    13 |    14 |    17 ||    49
       Potion            |       |       |       |       |     7 ||     7
 Stab: Sleeping          |       |     1 |       |       |       ||     1
       Invisible         |       |       |       |       |     4 ||     4
  Eat: Chunk             |     2 |    11 |    35 |    28 |    50 ||   126
       Ration            |       |       |       |     1 |     1 ||     2
Armor: Animal skin       |     4 |       |       |       |       ||     4
       Scale mail        |    12 |       |    87 |   162 |    74 ||   335
       Leather armour    |     4 |    40 |     7 |       |       ||    51
       Crystal plate arm |       |       |       |       |   196 ||   196
       Chain mail        |       |       |       |       |    57 ||    57
       Skin              |       |       |       |       |     1 ||     1
Dodge: Dodged            |    29 |   107 |   103 |   322 |   442 ||  1003
       Deflected         |       |       |       |       |    12 ||    12
Block: Shield            |       |    30 |   149 |   240 |   558 ||   977
       Large shield      |       |       |       |       |   117 ||   117
